 Dungeon Crawl Stone Soup version 0.14-a0-519-g334afa2 (webtiles) character file.

788 PolkaDot the Ruinous (level 7, 0/44 HPs)
             Began as a Vampire Wizard on Nov 1, 2013.
             Slain by an orc wizard
             ... wielding a +2,+0 orcish war axe of electrocution
              (18 damage)
             ... on Level 5 of the Dungeon.
             The game lasted 00:26:33 (4389 turns).

PolkaDot the Ruinous (Vampire Wizard)               Turns: 4389, Time: 00:26:35

HP   0/44        AC  2     Str  6      XL: 7   Next: 13%
MP   7/18        EV 12     Int 22      God:
Gold 208         SH  0     Dex 14      Spells:  5 memorised,  1 level left

Res.Fire  : . . .   See Invis. : +   y - +3,+2 sabre (venom)
Res.Cold  : + . .   Warding    : .   a - +0 robe
Life Prot.: + + .   Conserve   : +   (no shield)
Res.Poison: +       Res.Corr.  : .   b - +0 wizard hat
Res.Elec. : .       Clarity    : .   (no cloak)
Sust.Abil.: . .     Spirit.Shd : .   (no gloves)
Res.Mut.  : .       Stasis     : .   (no boots)
Res.Rott. : +       Flight     : .   t - amulet of conservation {unknown}
Saprovore : . . .                    n - +2 ring of dexterity
                                     C - ring of protection from magic {unknown}

@: regenerating slowly, quite resistant to hostile enchantments, stealthy
A: bottle blood, fangs 3, see invisible, unbreathing
a: Bat Form, Bottle Blood


You were on level 5 of the Dungeon.
You were thirsty.

You visited 1 branch of the dungeon, and saw 5 of its levels.

You collected 208 gold pieces.

Inventory:

Hand weapons
 y - a +3,+2 sabre of venom (weapon)
Armour
 a - a +0 robe (worn)
 b - a +0 wizard hat (worn)
Scrolls
 d - 2 scrolls of enchant weapon II {unknown}
 e - a scroll of enchant armour {unknown}
 f - 2 scrolls of recharging {unknown}
 j - 3 scrolls of enchant weapon I
 p - 2 scrolls of teleportation {unknown}
 s - 3 scrolls of remove curse
 u - a scroll of curse jewellery {unknown}
 v - a scroll of random uselessness {unknown}
 w - a scroll of fear {unknown}
 z - a scroll of amnesia {unknown}
 B - a scroll of magic mapping {unknown}
 D - 2 scrolls of identify
Jewellery
 k - an uncursed ring of hunger
 n - a +2 ring of dexterity (right hand)
 t - an amulet of conservation (around neck) {unknown}
 C - a ring of protection from magic (left hand) {unknown}
Potions
 g - 2 potions of confusion
 h - 2 potions of mutation
 i - a potion of poison
 l - a potion of resistance {unknown}
 m - 2 potions of agility
 o - 4 potions of heal wounds
 q - 3 potions of curing
 r - 2 potions of restore abilities {unknown}
 A - a potion of speed {unknown}
Books
 c - a book of Minor Magic

   Spells                             Type                      Level
   *Magic Dart                        Conjuration                  1
   Blink                              Translocation                2
   Call Imp                           Summoning                    2
   *Repel Missiles                    Charms/Air                   2
   Slow                               Hexes                        2
   *Conjure Flame                     Conjuration/Fire             3
   *Mephitic Cloud                    Conjuration/Poison/Air       3
 x - a book of Beasts

   Spells                             Type                      Level
   Summon Butterflies                 Summoning                    1
   Sticks to Snakes                   Transmutation                2
   *Call Canine Familiar              Summoning                    3
   Ice Form                           Ice/Transmutation            4
   Summon Ice Beast                   Ice/Summoning                4
   Summon Hydra                       Summoning                    7
Magical staves
 E - an uncursed staff of wizardry


   Skills:
 - Level 2.1 Dodging
 - Level 3.0 Stealth
 - Level 3.5 Spellcasting
 - Level 5.2 Conjurations
 + Level 1.4 Charms
 * Level 1.2 Summonings
   Level 0.7 Translocations
 + Level 1.2 Air Magic


You had one spell level left.
You knew the following spells:

 Your Spells              Type           Power        Failure   Level  Hunger
a - Magic Dart            Conj           ####         1%          1    None
d - Mephitic Cloud        Conj/Pois/Air  ##......     14%         3    ###....
q - Repel Missiles        Chrm/Air       #.........   12%         2    #......
s - Conjure Flame         Conj/Fire      ###.....     12%         3    ###....
z - Call Canine Familiar  Summ           #.........   21%         3    ###....


Dungeon Overview and Level Annotations

Branches:
Dungeon (5/27)
 Temple: D:4-7

Altars:
Elyvilon
Nemelex Xobeh


Innate Abilities, Weirdness & Mutations

You heal slowly.
You can bottle blood from corpses.
You have razor-sharp teeth.*
You have supernaturally acute eyesight.
You can survive without breathing.*


Message History

Casting: Call Canine Familiar
Confirm with . or Enter, or press ? or * to list all spells.
Aiming: Mephitic Cloud
Press: ? - help, Shift-Dir - straight line, f - you Really target yourself?
Really fire at your jackal?
The beam explodes into a vile cloud!
The stinking cloud engulfs you!
The stinking cloud engulfs the orc.
The orc is lightly wounded.
The stinking cloud engulfs the orc wizard.
The orc wizard is lightly wounded.
The stinking cloud engulfs the orc.
The orc is severely wounded.
The stinking cloud engulfs your jackal.
You are feeling thirsty.
Your jackal bites the orc.
The orc dies!
The orc wizard hits you with an orcish war axe of electrocution.
You are electrocuted!
You die...

#......)o.o.ooo... #..
#.####'#oo...o.o.. #..#
#.#....##8..8.o8. #..#
#.#....####...... #%.#
#.#...h#############
#..#######.+...o.§o..'...#...
#..........#.........#...'...
#....).....###########...#...
#..(.....>oo@§.....o.....#...
#####..........oh............#...
............#######(.........#...
............# #.)........#...
............# #..........#...
...........)# #..........#...
#####.......# #..........####
#.......# #..............
#.......#######.<........####


You could see 2 orc wizards, 2 orcs and a friendly jackal.

Vanquished Creatures
  A centaur (D:5)
  Sigmund (D:4)
  A goliath beetle (D:4)
  2 hounds (D:4)
  A crimson imp (D:5)
  An orc priest (D:4)
  A black bear skeleton (D:4)
  3 worker ants (D:4)
  A gnoll (D:5)
  3 adders (D:4)
  2 giant mites (D:3)
  2 worms
  A giant eyeball (D:4)
  2 giant geckos
  7 orcs
  3 goblins
  12 hobgoblins
  6 jackals
  11 kobolds
  A quokka (D:2)
  2 ball pythons
  4 bats
  7 giant cockroaches
  5 giant newts
  A kobold skeleton (D:5)
  15 rats
96 creatures vanquished.

Vanquished Creatures (collateral kills)
  2 orcs (D:5)
2 creatures vanquished.

Vanquished Creatures (others)
  2 jackals (D:5)
2 creatures vanquished.

Grand Total: 100 creatures vanquished

Notes
Turn   | Place    | Note
--------------------------------------------------------------
     0 | D:1      | PolkaDot, the Vampire Wizard, began the quest for the Orb.
     0 | D:1      | Reached XP level 1. HP: 11/11 MP: 6/6
   145 | D:1      | Reached skill level 1 in Conjurations
   380 | D:1      | Reached XP level 2. HP: 17/17 MP: 4/8
  1255 | D:2      | Reached XP level 3. HP: 22/22 MP: 1/10
  2196 | D:3      | Learned a level 3 spell: Conjure Flame
  2200 | D:3      | Learned a level 3 spell: Mephitic Cloud
  2344 | D:3      | Reached XP level 4. HP: 28/28 MP: 3/12
  2729 | D:3      | Found a sparkling altar of Nemelex Xobeh.
  3156 | D:4      | Found a white marble altar of Elyvilon.
  3156 | D:4      | Noticed an angel
  3173 | D:4      | Reached XP level 5. HP: 22/33 MP: 8/13
  3397 | D:4      | Noticed Sigmund
  3418 | D:4      | Killed Sigmund
  3418 | D:4      | Reached skill level 4 in Conjurations
  3590 | D:4      | Reached XP level 6. HP: 39/39 MP: 3/15
  3769 | D:4      | Reached skill level 5 in Conjurations
  3865 | D:4      | Learned a level 2 spell: Repel Missiles
  3976 | D:5      | Entered Level 5 of the Dungeon
  4104 | D:5      | Reached skill level 1 in Charms
  4104 | D:5      | Reached skill level 1 in Air Magic
  4104 | D:5      | Reached XP level 7. HP: 28/44 MP: 10/18
  4215 | D:5      | Learned a level 3 spell: Call Canine Familiar
  4389 | D:5      | Slain by an orc wizard

Action                   |  1- 3 |  4- 6 |  7- 9 || total
-------------------------+-------+-------+-------++-------
Melee: Dagger            |    24 |    29 |       ||    53
       Sabre             |       |    34 |    15 ||    49
 Cast: Magic Dart        |   106 |    83 |    11 ||   200
       Conjure Flame     |       |     7 |       ||     7
       Mephitic Cloud    |       |     3 |     2 ||     5
       Call Canine Famil |       |       |     4 ||     4
  Use: Scroll            |       |     7 |       ||     7
       Potion            |       |       |     1 ||     1
 Stab: Sleeping          |     3 |     1 |       ||     4
       Confused          |       |     1 |       ||     1
